Cogmind - Beta 15 @@@ ROGUE MODE // 2025.05.30 @ 21:39:52 Player: Jack Result: Destroyed by G-34 Mercenary with Small Laser Performance ------------- Evolutions (1) 500 Regions Visited (3) 600 Robots Destroyed (12) 60 Value Destroyed (119) 119 Prototype IDs (0) 0 Alien Tech Used (0) 0 Bonus (0) 0 TOTAL SCORE: 1279 Bonus ------- None Cogmind --------- Core Integrity 0/400 Matter 287/300 Energy 37/100 System Corruption 0% Temperature Cool (41) Movement Core (50) Location -9/Materials Parts ------- > --- POWER (1) -------- (None) > --- PROPULSION (2) --- (None) > --- UTILITY (4) ------ (None) > --- WEAPON (2) ------- (None) > --- INVENTORY (5) ---- Mining Laser Peak State ------------ > --- POWER ------------ (None) > --- PROPULSION ------- (None) > --- UTILITY ---------- (None) > --- WEAPON ----------- Small Laser Assault Rifle > --- INVENTORY -------- EM Pulse Gun [Rating: 2] Favorites ----------- Power None Propulsion Flight Unit Flight Unit Flight Unit Utility None Weapon Small Laser Energy Gun Small Laser Ballistic Gun Assault Rifle Launcher Grenade Launcher Build | -11 -10 -10 -9 ------- Run | Yrd Mat Min Mat Slots Evolved 2 | . . . 2 Power . | . . . . Propulsion . | . . . . Utility 2 | . . . 2 Weapon . | . . . . Parts Attached 6 | . 2 . 4 Power . | . . . . Engine . | . . . . Core . | . . . . Reactor . | . . . . Propulsion 2 | . . . 2 Treads . | . . . . Leg . | . . . . Wheel . | . . . . Hover . | . . . . Flight 2 | . . . 2 Utility . | . . . . Device . | . . . . Storage . | . . . . Processor . | . . . . Hackware . | . . . . Protection . | . . . . Artifact . | . . . . Weapon 4 | . 2 . 2 Energy Gun 2 | . 1 . 1 Energy Cannon . | . . . . Ballistic Gun 1 | . 1 . . Ballistic Cannon . | . . . . Launcher 1 | . . . 1 Special Weapon . | . . . . Impact Weapon . | . . . . Slashing Weapon . | . . . . Piercing Weapon . | . . . . Special Melee Weapon . | . . . . Unidentified Prototypes . | . . . . Parts Lost 6 | . . . 6 Power . | . . . . Propulsion 2 | . . . 2 Utility . | . . . . Weapon 4 | . . . 4 Highest Loss Streak 6 | . . . 6 To Critical Strikes . | . . . . Average Backups 1 | 1 1 2 2 Power . | . . . . Propulsion . | . . . . Utility . | . . . . Weapon 1 | 1 1 2 2 Tool/Special . | . . . . Unused Backups 1 | . . . 1 Power . | . . . . Propulsion . | . . . . Utility . | . . . . Weapon 1 | . . . 1 Tool/Special . | . . . . Average Slot Usage (%) 23 | . 24 28 21 Energy Gun 11 | . 11 14 11 Ballistic Gun 11 | . 12 14 9 Peak Build Rating 2 | . 2 2 2 Average Rating 1 | . 1 2 1 On Entrance 1 | . . 2 2 Naked Turns 8 | . 5 . 3 Heaviest Build 5 | . 3 3 5 Greatest Support 4 | 3 3 3 4 Greatest Overweight (x) 1 | . . . 1 Average Overweight (x) . | . . . . Largest Inventory Capacity 5 | 5 5 5 5 Average Capacity 5 | 5 5 5 5 Most Carried 3 | 3 3 2 3 Average Carried 1 | 1 1 2 2 Final Capacity 5 | 5 5 5 5 Final Carried 3 | 3 2 2 1 Class Distribution -------------------- 100% | Mutant Dominant Class ---------------- Mutant | -10/Materials Mutant | -10/Mines Mutant | -9/Materials Resources | -11 -10 -10 -9 ----------- Run | Yrd Mat Min Mat Matter Collected 362 | 165 . 25 172 Remotely . | . . . . Salvage Created 200 | . . 25 175 Parts 13 | . . . 13 Haulers Intercepted . | . . . . Recyclers Shooed . | . . . . Parts Field Recycled . | . . . . Retrieved Matter . | . . . . Parts Self-Destructed . | . . . . Prevented . | . . . . Kills | -11 -10 -10 -9 ------- Run | Yrd Mat Min Mat Combat Hostiles Destroyed 8 | . . . 8 AOE 8 | . . . 8 Classes Destroyed 4 | . . 1 3 Worker 1 | . . 1 . Recycler 2 | . . . 2 Operator 1 | . . . 1 Swarmer 8 | . . . 8 Best Kill Streak 11 | . . 1 11 Combat Bots Only 8 | . . . 8 Max Kills in Single Turn 4 | . . 1 4 Gunslinging . | . . . . Exploded 2 | . . . 2 Melee . | . . . . Uniques/NPCs Destroyed . | . . . . Combat | -11 -10 -10 -9 -------- Run | Yrd Mat Min Mat Hostile Shots Fired 67 | . . . 67 Missed 23 | . . . 23 Hits 44 | . . . 44 Projectile 44 | . . . 44 Critical Strikes 4 | . . . 4 Damage Taken 627 | . . 7 620 Core 401 | . . . 401 Absorbed by Shields . | . . . . Core Remaining (%) 100 | 100 . 100 . Volleys Fired 16 | . 4 . 12 Largest 2 | . 2 . 2 Hottest 80 | . 60 . 80 Shots Fired 26 | . 7 . 19 Gun 22 | . 7 . 15 Cannon . | . . . . Launcher 4 | . . . 4 Special . | . . . . Kinetic 9 | . 4 . 5 Thermal 11 | . 3 . 8 Explosive 4 | . . . 4 Electromagnetic 2 | . . . 2 Robot Hit Streak 3 | . 1 . 3 Robot Miss Streak 2 | . 2 . 2 Penetration Max . | . . . . Secondary Targets . | . . . . Shots Hit Robots 12 | . 3 . 9 Core Hits 15 | . 1 . 14 Critical Kills . | . . . . Critical Parts Destroyed . | . . . . Critical Strikes . | . . . . Melee Attacks . | . . . . Impact . | . . . . Slashing . | . . . . Piercing . | . . . . Sneak Attacks . | . . . . Combat Hostiles . | . . . . Follow-up Attacks . | . . . . Damage Inflicted 827 | . 36 15 776 Guns 104 | . 36 . 68 Cannons . | . . . . Explosions 708 | . . . 708 Melee . | . . . . Ramming 15 | . . 15 . Kinetic 50 | . 26 . 24 Thermal 42 | . 10 . 32 Explosive 708 | . . . 708 Electromagnetic 12 | . . . 12 Impact . | . . . . Slashing . | . . . . Piercing . | . . . . Highest Corruption . | . . . . Average Corruption . | . . . . Corruption Purged . | . . . . Corruption Blocked . | . . . . Overload Shots . | . . . . Overflow Damage 57 | . . . 57 Projectiles . | . . . . Explosions 57 | . . . 57 Melee . | . . . . Knockbacks . | . . . . Impact . | . . . . Kinetic . | . . . . Secondary . | . . . . Self-Inflicted Damage 143 | . . 7 136 Shots 4 | . . . 4 Rammed 1 | . . 1 . Targets Rammed 1 | . . 1 . Kicked . | . . . . Crushed . | . . . . Highest Temperature 12 | . . . 12 Average Temperature 3 | . . . 3 Received Heat Transfer 195 | . . . 195 Siege Activations . | . . . . Martial Activations . | . . . . Shielding Activations . | . . . . Robots Disrupted . | . . . . Combat Hostiles . | . . . . Robots Corrupted 1 | . . 1 . Combat Hostiles . | . . . . Parts Fried 3 | . . 3 . Impact Corruptions 1 | . . 1 . Robots Melted . | . . . . Combat Hostiles . | . . . . Parts Melted . | . . . . Heat Transferred 100 | . 25 . 75 Parts Sabotaged . | . . . . Parts Stolen . | . . . . Parts Stripped . | . . . . Power Chain Reactions . | . . . . Alert | -11 -10 -10 -9 ------- Run | Yrd Mat Min Mat Maximum Alert Level 1 | . . . 1 Low Security (%) 97 | 100 100 100 95 Level 1 2 | . . . 4 Level 2 . | . . . . Level 3 . | . . . . Level 4 . | . . . . Level 5 . | . . . . High Security . | . . . . Max Security . | . . . . Peak Influence 220 | . . 5 220 Initial 1 | . . . 1 Average 9 | . . 1 19 Influence Increases 265 | . . 5 260 Destroy 0b10 Robot/C 160 | . . . 160 Destroy 0b10 Robot/NC 20 | . . 5 15 Destroy Leader 20 | . . . 20 Disable Machine 15 | . . . 15 Destroy Structure 20 | . . . 20 Lose Combat Pursuer 30 | . . . 30 Influence Decreases 65 | . . . 65 Entered New Map 4 | . . . 4 Time Decay 11 | . . . 11 Lost Part 50 | . . . 50 Squads Dispatched 3 | . 1 . 2 Investigation . | . . . . Extermination . | . . . . Reinforcement 3 | . 1 . 2 Assault . | . . . . Garrison . | . . . . Intercept . | . . . . Searches Triggered . | . . . . Construction Impeded . | . . . . Haulers Reinforced . | . . . . Active Scanning Responses . | . . . . Cargo Convoy Interrupts . | . . . . Stealth | -11 -10 -10 -9 --------- Run | Yrd Mat Min Mat Distress Signals 2 | . 1 . 1 Communications Jammed . | . . . . Distress Signals . | . . . . Times Spotted 23 | . 2 . 21 Peak Tracking Total 13 | . 4 . 13 Tactical Retreats 1 | . . . 1 Traps | -11 -10 -10 -9 ------- Run | Yrd Mat Min Mat Traps Triggered 4 | . 4 . . Indirectly . | . . . . Trap Hack Attempts . | . . . . Triggered . | . . . . Disarmed . | . . . . Reprogrammed . | . . . . Reused . | . . . . Traps Extracted . | . . . . Installed . | . . . . Triggered . | . . . . Machines | -11 -10 -10 -9 ---------- Run | Yrd Mat Min Mat Machines Disabled 1 | . . . 1 Max in Single Turn 1 | . . . 1 Machines Repaired . | . . . . Machines Dismantled . | . . . . Machines Sabotaged . | . . . . Overloaded Fab Kills . | . . . . Hacking | -11 -10 -10 -9 --------- Run | Yrd Mat Min Mat Machines Accessed 1 | . . . 1 Terminals 1 | . . . 1 Fabricators . | . . . . Repair Stations . | . . . . Recycling Units . | . . . . Scanalyzers . | . . . . Garrison Access . | . . . . Total Hacks 4 | . . . 4 Successful 1 | . . . 1 Failed 3 | . . . 3 Catastrophic 2 | . . . 2 Database Lockouts . | . . . . Manual 4 | . . . 4 Terminals 4 | . . . 4 Fabricators . | . . . . Repair Stations . | . . . . Recycling Units . | . . . . Scanalyzers . | . . . . Garrison Access . | . . . . Terminal Hacks 1 | . . . 1 Branch Access Points 1 | . . . 1 Fabricator Hacks . | . . . . Repair Station Hacks . | . . . . Recycling Unit Hacks . | . . . . Scanalyzer . | . . . . Garrison Access Hacks . | . . . . Unauthorized Hacks . | . . . . Terminals . | . . . . Fabricators . | . . . . Repair Stations . | . . . . Recycling Units . | . . . . Scanalyzers . | . . . . Garrison Access . | . . . . Data Cores Recovered . | . . . . Used . | . . . . Hacking Detections 1 | . . . 1 Full Trace Events 1 | . . . 1 Feedback Events . | . . . . Feedback Blocked . | . . . . Robot Schematics Acquired . | . . . . Robots Built . | . . . . Authchips . | . . . . Time . | . . . . Total Robot Build Rating . | . . . . Part Schematics Acquired . | . . . . Parts Built . | . . . . Authchips . | . . . . Time . | . . . . Total Part Build Rating . | . . . . Parts Repaired . | . . . . Time . | . . . . Parts Recycled . | . . . . Recycled Matter . | . . . . Retrieved Matter . | . . . . Retrieved Components . | . . . . Parts Scanalyzed . | . . . . Part Schematics Acquired . | . . . . Parts Damaged . | . . . . Bothacking | -11 -10 -10 -9 ------------ Run | Yrd Mat Min Mat Used RIF Installer . | . . . . Robots Hacked . | . . . . Non-combat . | . . . . Combat . | . . . . Robot Hacks Applied . | . . . . Relay Couplers Released . | . . . . Fabnet Peak Effective % . | . . . . Robots Rewired . | . . . . Allies Hacked . | . . . . Hacks Repelled . | . . . . Allies | -11 -10 -10 -9 -------- Run | Yrd Mat Min Mat Total Allies . | . . . . Largest Group . | . . . . Highest-Rated Group . | . . . . Highest-Rated Ally . | . . . . Total Orders . | . . . . Ally Attacks . | . . . . Total Damage . | . . . . Kills . | . . . . Allies Corrupted . | . . . . Allies Melted . | . . . . Intel | -11 -10 -10 -9 ------- Run | Yrd Mat Min Mat Active Infowar (turns) . | . . . . Robot Analysis Total . | . . . . Derelict Logs Recovered . | . . . . Drone Launches . | . . . . Drone Recoveries . | . . . . Exploration | -11 -10 -10 -9 ------------- Run | Yrd Mat Min Mat Turns Passed 348 | 33 114 35 166 Spaces Moved 531 | 59 175 67 230 Core 527 | 59 175 67 226 Treads . | . . . . Legs . | . . . . Wheels . | . . . . Hover . | . . . . Flight 4 | . . . 4 Fastest Speed 40 | 50 50 50 40 Average Speed 50 | 50 50 50 50 Slowest Speed 100 | 50 50 50 100 Overloaded Moves . | . . . . Propulsion Burnouts . | . . . . Robots Hopped . | . . . . Potential Cave-ins . | . . . . Cave-ins Triggered . | . . . . Exploration Rate (%) 25 | 3 44 22 32 Regions Visited 3 Branch Regions 1 Pre-discovered Areas . | . . . . Known Exits Taken . | . . . . Unknown Exits Taken 3 | 1 1 1 . Scrap Searched . | . . . . Spaces Dug . | . . . . Terrain Destroyed 22 | . . . 22 Melee . | . . . . Projectile . | . . . . AOE 22 | . . . 22 Terrain Rammed . | . . . . Walls Destroyed . | . . . . Machines Disabled . | . . . . Actions | -11 -10 -10 -9 --------- Run | Yrd Mat Min Mat Total 579 | 61 190 67 261 Wait 14 | . 3 . 11 Move 528 | 58 174 66 230 Hop . | . . . . Pick Up 5 | 3 1 . 1 Fast Attach 8 | . 6 . 2 Attach 5 | . 2 . 3 Detach 1 | . . . 1 Swap 1 | . . . 1 Drop . | . . . . Fire 16 | . 4 . 12 Melee . | . . . . Ram 1 | . . 1 . Kick . | . . . . Crush . | . . . . Escape Stasis . | . . . . Rewire . | . . . . Trap . | . . . . Miscellaneous . | . . . . Route ------- -11/Scrapyard -10/Materials (discovered 2 exits: *Mat / [*Min]) -10/Mines -9/Materials (discovered 4 exits: [*Mat] / Min / *Sto x2) History --------- Turn | Location | Event 3 | -11/Scrapyard | Discovered new exit (range 16) 34 | -11/Scrapyard | Entered Materials 83 | -10/Materials | Discovered new exit (range 3) 142 | -10/Materials | Discovered new exit (range 6) 148 | -10/Materials | Entered Mines 167 | -10/Mines | Discovered new exit (range 11) 183 | -10/Mines | Entered Materials 183 | -9/Materials | Evolved 2 slots: Utility x2 277 | -9/Materials | Discovered new exit (range 15) 280 | -9/Materials | Identified exit to Mines 280 | -9/Materials | Identified exit to Storage 300 | -9/Materials | Build established: Mutant 336 | -9/Materials | Core integrity fell below 50% 345 | -9/Materials | Core integrity fell below 20% 349 | -9/Materials | Destroyed by G-34 Mercenary with Small Laser Last Messages --------------- U-05 Engineer lays Concrete. The unstable cave ceiling collapses. Hover Unit crushed. U-05 Engineer lays Concrete. K-01 Serf collects debris. Acquired Flight Unit. U-05 Engineer lays Concrete. Flight Unit destroyed. U-05 Engineer suffers critical hit (Destroy). U-05 Engineer destroyed. C-30 ARC bursts open, deploying its payload. G-47 Trooper unfolds itself. G-34 Mercenary unfolds itself. U-05 Engineer builds a Wall. U-05 Engineer lays Concrete. R-06 Scavenger collects Lgt. Ion Engine. K-01 Serf collects debris. Acquired 72 matter. Flight Unit destroyed. Critical hit (Burn: +37). Map ----- +----------------------------------------------------+ | ????# #???????????????????????????????????????? | | ##### ##??????????????????????????????????????? | | #??????????????????????????????????????? | | #??????????????????????????????????????? | | T #?????????????????????????? ???????????? | | #????????????????????????? ??????????? | | #????????????????????????? ??????????? | | #????????????????????????? ???????????? | | #????????????????????????? ???????????? | | #???????????????????????? #???????????? | | #???????????????????????? #???????????? | | #???????????????????????? #???????????? | | #?????????????? ????????? #???????????? | | """ #?????????????? ???????? #???????????? | | """"" #?????????????? ???????? #???????????? | | """" #?????????????? ???????? #???????????? | | """"" ###############+######## ###### #? | | """ #? | | > #? | | a #? | | ####+####################w################# #? | | ## #???????????????#k#??????????????????????? | | + """ #????????????####u##?????????????????????? | | ## "T" #????????????# # ###???????????????????? | | ?# #??########### rYY ###########?????????? | | ?# [#? *gg %@ g a a/ ????????? | | ?# #? # = * #?????????????? | | ?########???????????# g [[ [] #?????????????? | | ????????????????????# % %%# [] #?????????????? | | ????????????????????# = [ #?????????????? | | ????????????????????# kY #?????????????? | | ????????????????????# u ; t #?????????????? | | ????????????????????# ####### #?????????????? | | ????????????????????###+####?????? #?????????????? | | ??????????????????????# ??????????? ?????????????? | | ??????????????????????# ????????????"????????????? | | ?????????????????????? ?????????????????????????? | | ??????????????????????# ?????????????????????????? | | ??????????????????????# ?????????????????????????? | | ??????????????????????# ?????????????????????????? | | ??????????????????????#??????????????????????????? | | ?????????????????????????????????????????????????? | | ?????????????????????????????????????????????????? | | ?????????????????????????????????????????????????? | | ?????????????????????????????????????????????????? | | ??>??????????????????????????????????????????????? | | ?????????????????????????????????????????????????? | | ?????????????????????????????????????????????????? | | ?????????????????????????????????????????????????? | | ?????????????????????????????????????????????????? | +----------------------------------------------------+ Best States ------------- Heat Dissipation 28 Energy Generation 5 Energy Capacity 100 Matter Stores 300 Matter Capacity 300 Sight Range 16 Terrain Scan Density 10 Evasion (%) 50 Item Schematics ----------------- None Robot Schematics ------------------ None Fabricated ------------ Nothing Repaired ---------- Nothing Alien Tech Used ----------------- None Achievements -------------- None Challenges ------------ None Game ------ Seed RagnarokRainbowTriangulator Manual? 0 Play Time 00:05:18 Cumulative 223.8 hours Start 2025.05.30 @ 21:36:17 End 2025.05.30 @ 21:39:52 Sessions 1 Manual Loads 0 Difficulty Rogue Special Mode None Game No. 226 Rogue 37 Adventurer 177 Explorer 12 Win Type - Total 61 Types 18/1/16/2/12/0/4/3/0/5 Lore% 49 Gallery% 50 Achievement% 68 Wizard Run 0 Options --------- Layout 0 ASCII 0 Keyboard 0 Movement Numpad Keybinds 0 Fullscreen 2 Font 12/Smallcaps Map View 83x54 Zoom Use 0% Tactical HUD 0 Map Filters NONE Filters NONE Steam X RUN: 46a1abd9-2a0f-4139-9b09-583899e72646